 Dungeon Crawl Stone Soup version 0.31.0-9-g3a7656b989 (webtiles) character file.

Game seed: 11017421261519192076

71 qw the Shooter (level 4, -2/25 HPs)
             Began as a Deep Elf Hunter on Feb 2, 2024.
             Slain by a ribbon worm (5 damage)
             ... on level 3 of the Dungeon.
             The game lasted 00:00:05 (1593 turns).

qw the Shooter (Deep Elf Hunter)                    Turns: 1593, Time: 00:00:05

Health: -2/25      AC:  6    Str:  7 (10) XL:     4   Next: 5%
Magic:  6/6        EV: 10    Int: 12 (14) God:
Gold:   82         SH:  0    Dex: 15 (18) Spells: 3/3 levels left

rFire   . . .        a - +1 shortbow
rCold   . . .        (shield currently unavailable)
rNeg    . . .        d - +0 ring mail
rPois   .            b - +0 helmet
rElec   .            (no cloak)
rCorr   .            (no gloves)
SInv    .            (no boots)
Will    .....        (no amulet)
Stlth   +            (no ring)
HPRegen 0.24/turn    (no ring)
MPRegen 0.10/turn

%: no passive effects
@: no status effects
A: no striking features
a: no special abilities


You were on level 3 of the Dungeon.
You visited 1 branch of the dungeon, and saw 3 of its levels.

You collected 82 gold pieces.


   Skills:
 - Level 1.5 Fighting
 + Level 7.5 Ranged Weapons
 - Level 2.4 Dodging
 - Level 1.2 Stealth


You had 3 spell levels left.
You didn't know any spells.
Your spell library was empty.

Inventory:

Hand Weapons
 a - a +1 shortbow (weapon)
Armour
 b - a +0 helmet (worn)
 d - a +0 ring mail (worn)
Potions
 h - a potion of curing
 k - a potion of cancellation {unknown}
 l - a potion of enlightenment {unknown}

Dungeon Overview and Level Annotations

Branches:
Dungeon (3/15)

Altars:

Shops:
D:2 (


Message History

What level of the Dungeon? (default 1, ? - help)
There is a stone staircase leading down here.
You climb downwards.
Found 9 gold pieces and a scroll of identify.
Found a stone staircase leading up.
There is a stone staircase leading up here.
There are monsters nearby!
Waypoint 2 assigned to D:3.
You shoot an arrow. The arrow misses the bat.
The orc shouts!
The bat hits you but does no damage.
The ribbon worm expels a string of sticky webbing.
The stream of webbing misses you.
You shoot an arrow. The arrow misses the bat.
The bat hits you but does no damage.
You shoot an arrow. The arrow hits the bat.
You kill the bat!
You shoot an arrow. The arrow hits the ribbon worm!
The ribbon worm is heavily wounded.
The orc hits you with a +0 whip.
You shoot an arrow.
The arrow barely misses the ribbon worm.
The orc barely misses you. The ribbon worm bites you!
You shoot an arrow. The arrow hits the ribbon worm.
The ribbon worm is severely wounded.
The orc hits you with a +0 whip.
The ribbon worm bites you but does no damage.
You shoot an arrow.
The arrow barely misses the ribbon worm.
The orc hits you with a +0 whip. The ribbon worm misses you.
You shoot an arrow. The arrow hits the ribbon worm.
The ribbon worm is almost dead.
The orc hits you with a +0 whip.
The ribbon worm expels a string of sticky webbing.
The stream of webbing hits you but does no damage.
You are caught in a web!
The orc misses you.
You shoot an arrow. The arrow hits the ribbon worm.
The ribbon worm is almost dead.
The orc hits you with a +0 whip. The ribbon worm bites you.
You die...

......
#########......
#..............
#..............
...............
#..............
#..............
#......@.%.....
#......ow.....$
#.........###.#
...?........
<............
#####.###..#...
#. ..#... ..
.## ..


You could see a ribbon worm (catching breath) and an orc.

Vanquished Creatures
  4 adders (D:2)
  6 bats
  5 endoplasms
  A giant cockroach (D:2)
  6 hobgoblins
  3 kobolds
  6 ball pythons
  2 frilled lizards
  A goblin (D:2)
  A rat (D:1)
35 creatures vanquished.

Notes
Turn   | Place    | Note
-------+----------+-------------------------------------------
     0 | D:1      | qw the Deep Elf Hunter began the quest for the Orb.
     0 | D:1      | Reached XP level 1. HP: 12/12 MP: 3/3
     0 | D:1      | 0 ||| qw: Version: 0.3-a-155-g5e7d8dd
     0 | D:1      | 0 ||| qw: Game counter: 2003
     0 | D:1      | 0 ||| qw: Melee chars always use a shield: true
     0 | D:1      | 0 ||| qw: God list: Okawaru
     0 | D:1      | 0 ||| qw: Allow faded altars: false
     0 | D:1      | 0 ||| qw: Do Orc after clearing Dungeon:15 true
     0 | D:1      | 0 ||| qw: Do second Lair branch before Depths: true
     0 | D:1      | 0 ||| qw: Lair rune preference: random
     0 | D:1      | 0 ||| qw: Goals: Normal
     0 | D:1      | 0 ||| PLANNING D:1-11
    89 | D:1      | You fall into a shaft and drop 1 floor!
    90 | D:2      | 90 ||| DROPPING scroll of butterflies.
   212 | D:1      | Reached XP level 2. HP: 16/16 MP: 4/4
   221 | D:1      | Reached skill level 6 in Ranged Weapons
   711 | D:1      | Found a faded altar of an unknown god.
   797 | D:1      | 797 ||| READING scroll labelled XUOVVE BELA.
   797 | D:1      | 797 ||| ENCHANTING +0 shortbow.
   798 | D:1      | 798 ||| READING scroll labelled XOBRINW NAFERA.
   798 | D:1      | 798 ||| IDENTIFYING black potion
   799 | D:1      | 799 ||| READING scroll labelled MICWYPT GIC FETA.
   800 | D:1      | 800 ||| DRINKING 2 green potions.
   897 | D:2      | 897 ||| RETREEEEATING.
   901 | D:2      | Reached XP level 3. HP: 20/20 MP: 5/5
   906 | D:2      | HP: 5/20 [poisoned by an adder]
   907 | D:2      | 907 ||| DRINKING potion of heal wounds.
   970 | D:2      | Reached skill level 7 in Ranged Weapons
   971 | D:2      | Found Anaobu's Weapon Shop.
  1217 | D:2      | Reached XP level 4. HP: 19/25 MP: 6/6
  1551 | D:2      | 1551 ||| UPGRADING to +0 helmet.
  1556 | D:2      | 1556 ||| UPGRADING to +0 ring mail.
  1566 | D:2      | 1566 ||| DROPPING +0 leather armour.
  1567 | D:2      | 1567 ||| READING scroll of identify.
  1567 | D:2      | 1567 ||| IDENTIFYING sapphire potion
  1568 | D:2      | 1568 ||| READING scroll labelled YCWEVITREM.
  1572 | D:2      | 1572 ||| READING scroll labelled BASEMP OLOCS.
  1572 | D:2      | 1572 ||| ENCHANTING +0 shortbow.
  1573 | D:2      | 1573 ||| DRINKING 2 fizzy purple potions.
  1574 | D:2      | 1574 ||| DROPPING potion of degeneration.
  1575 | D:2      | 1575 ||| DROPPING potion of magic.
  1591 | D:3      | HP: 6/25 [orc/+0 whip (3)]
  1593 | D:3      | Slain by a ribbon worm

Levels and vault maps discovered:
D:1:      dpeg_arrival_round_b, layout_loops_ring,
          chequers_ecumenical_altar_grove, minmay_misc_feat_pillars
D:2:      layout_loops_cross, serial_shops, nicolae_shop_bloodbath_and_beyond
D:3:      layout_rooms, lemuel_doored_altar, serial_bayou, serial_bayou_ford_a,
          serial_bayou_pond_d, serial_bayou_pond_e, serial_bayou_lagoon_b

Skill      XL: |  1  2  3 |
---------------+----------+-----
Ranged Weapons | 6 7 |  7.5
Fighting       | |  1.5
Dodging        | |  2.4
Stealth        | |  1.2

Action                     |  1- 3 |  4- 6 || total
---------------------------+-------+-------++-------
   Fire: Shortbow          |   106 |     9 ||   115
    Use: Scroll            |     3 |     3 ||     6
         Potion            |     2 |     1 ||     3
 Armour: Leather armour    |    28 |       ||    28
         Ring mail         |       |    10 ||    10
  Dodge: Dodged            |    28 |     4 ||    32

Table legend:
 A = Non-vault XP
 B = Vault XP
 C = Vault XP percentage of total XP
 D = Non-vault monster count
 E = Vault monster count
 F = Vault count percentage of total count
                 A         B        C        D         E       F
            +---------+---------+-------+---------+---------+-------
      Total |     102 |       0 |   0.0 |      35 |       0 |   0.0
            +---------+---------+-------+---------+---------+-------
        D:1 |      23 |       0 |   0.0 |      14 |       0 |   0.0
        D:2 |      77 |       0 |   0.0 |      20 |       0 |   0.0
        D:3 |       2 |       0 |   0.0 |       1 |       0 |   0.0
            +---------+---------+-------+---------+---------+-------
